[Event "Titled Tuesday Blitz June 13 Early 2023"]
[White "Quintiliano Pinto, Renato R."]
[Black "Deac, Bogdan-Daniel"]
[WhiteFideId "2117568"]
[BlackFideId "1226380"]
[WhiteElo "2459"]
[BlackElo "2644"]
[Result "0-1"]
[Round "3"]
[TimeControl "180+2"]
[Date "2023.06.13"]
[WhiteClock "0:00:00"]
[BlackClock "0:00:42"]
[Board "13"]

1. Nf3 b6 2. g3 Bb7 3. Bg2 c5 4. O-O g6 5. c4 Bg7 6. Nc3 Nf6 7. b3 O-O 8. Bb2 d6 9. d4 cxd4 10. Qxd4 Nbd7 11. Rad1 a6 12. Qd2 b5 13. cxb5 axb5 14. Nd4 Bxg2 15. Kxg2 b4 16. Na4 Qb8 17. f3 Qb7 18. Rc1 Rfc8 19. Rxc8+ Rxc8 20. Rc1 Nc5 21. Nxc5 dxc5 22. Nc2 Ne4 23. fxe4 Bxb2 24. Rd1 Qxe4+ 25. Kg1 Ra8 26. Qd5 Qxd5 27. Rxd5 Rxa2 28. Rxc5 Bc3 0-1


[Site "https://www.chess.com"]

[Event "Titled Tuesday Blitz June 13 Early 2023"]
[White "Turayev, Shahruh"]
[Black "Sviridov, Valery"]
[WhiteFideId "14003856"]
[BlackFideId "4120680"]
[WhiteElo "2113"]
[BlackElo "2457"]
[Result "0-1"]
[Round "3"]
[TimeControl "180+2"]
[Date "2023.06.13"]
[WhiteClock "0:00:03"]
[BlackClock "0:01:20"]
[Board "14"]

1. e4 Nf6 2. Nc3 d6 3. d4 c6 4. f4 Qa5 5. Bd3 e5 6. Ne2 exd4 7. Nxd4 g6 8. Nb3 Qc7 9. O-O Bg7 10. Qe1 O-O 11. Qh4 Nbd7 12. f5 b5 13. Bh6 Bb7 14. Nd4 Rae8 15. Nf3 b4 16. Ne2 c5 17. Ng5 c4 18. fxg6 fxg6 19. Bxg7 Kxg7 20. Nf4 Qb6+ 21. Kh1 cxd3 22. Nfe6+ Kg8 23. Qh6 Rxe6 24. Nxe6 Rf7 25. cxd3 d5 26. Ng5 Re7 27. Rae1 dxe4 28. dxe4 Qd6 29. Qh4 Kg7 30. e5 Rxe5 31. Nxh7 Nxh7 32. Rf7+ Kxf7 33. Qxh7+ Ke8 34. Qh8+ Ke7 35. Qg7+ Kd8 36. Qg8+ Kc7 37. Rc1+ Bc6 0-1


[Site "https://www.chess.com"]

[Event "Titled Tuesday Blitz June 13 Early 2023"]
[White "Papasimakopoulos, Alexandros"]
[Black "Ivanchuk, Vasyl"]
[WhiteFideId "4244125"]
[BlackFideId "14100010"]
[WhiteElo "2359"]
[BlackElo "2710"]
[Result "0-1"]
[Round "3"]
[TimeControl "180+2"]
[Date "2023.06.13"]
[WhiteClock "0:00:03"]
[BlackClock "0:00:37"]
[Board "15"]

1. d4 Nf6 2. c4 e6 3. Nc3 Bb4 4. e3 O-O 5. Bd3 c5 6. Nf3 b6 7. Bd2 cxd4 8. exd4 Bb7 9. O-O d5 10. a3 Be7 11. Rc1 dxc4 12. Bxc4 Nc6 13. Bg5 h6 14. Bf4 Bd6 15. Ne5 Bb8 16. Ne2 Nxe5 17. dxe5 Nh5 18. Qxd8 Rxd8 19. g3 g5 20. Be3 Bxe5 21. b4 Nf6 22. f4 Ng4 23. fxe5 Nxe3 24. Rf6 Rac8 25. Rxe6 Rxc4 26. Rxc4 fxe6 27. Rd4 Bd5 28. Kf2 Nc4 29. a4 Nxe5 30. Nc3 Kf7 31. a5 Ke7 32. axb6 axb6 33. h4 Nc6 34. Rg4 Kf6 35. hxg5+ hxg5 36. b5 Ne5 37. Ra4 Rc8 38. Nxd5+ exd5 39. Ra6 Nc4 40. Ke2 Rc5 41. Kd3 Rxb5 42. Kd4 Nd6 43. g4 Nf7 44. Ra8 Rb4+ 0-1


[Site "https://www.chess.com"]

[Event "Titled Tuesday Blitz June 13 Early 2023"]
[White "Lenderman, Aleksandr"]
[Black "Srihari L R"]
[WhiteFideId "2021285"]
[BlackFideId "46617116"]
[WhiteElo "2607"]
[BlackElo "2334"]
[Result "1-0"]
[Round "3"]
[TimeControl "180+2"]
[Date "2023.06.13"]
[WhiteClock "0:00:21"]
[BlackClock "0:00:00"]
[Board "16"]

1. Nf3 d5 2. e3 g6 3. c4 c6 4. Nc3 Bg7 5. d4 Nf6 6. Be2 O-O 7. O-O Bg4 8. cxd5 cxd5 9. Qb3 Bc8 10. Bd2 Nc6 11. Rfc1 Na5 12. Qd1 Bg4 13. Ne5 Bxe2 14. Nxe2 Ne4 15. Be1 e6 16. Qa4 Bxe5 17. dxe5 Nc4 18. Rxc4 dxc4 19. Qxc4 Qd5 20. Qxd5 exd5 21. f3 Nc5 22. Bb4 b6 23. Nf4 Rfd8 24. Rd1 Re8 25. Bc3 Na4 26. Bd4 Rad8 27. b3 Nc5 28. Bxc5 bxc5 29. Nxd5 Kg7 30. f4 Re6 31. e4 Re7 32. Rc1 Rb7 33. Rxc5 h6 34. Kf2 a6 35. Kf3 Ra8 36. f5 gxf5 37. exf5 a5 38. Kg4 a4 39. b4 a3 40. Kh5 Rd8 41. e6 fxe6 42. fxe6 Rd6 43. e7 Kf7 44. Kh4 Rbd7 45. Rc8 Re6 46. Rf8+ Kg7 47. e8=Q Rxe8 48. Rxe8 Rxd5 49. Ra8 Rd4+ 50. g4 Rxb4 51. Rxa3 Kg6 52. Ra6+ Kg7 53. h3 Rc4 54. a4 Rc3 55. a5 Ra3 56. Ra8 Kh7 57. Ra7+ Kg6 58. Ra6+ Kh7 59. Ra7+ Kg6 60. a6 Kf6 61. Rb7 Kg6 62. Rb6+ Kg7 63. Rb7+ Kg6 64. a7 Kf6 65. a8=Q Rxa8 66. Kh5 Ra3 67. h4 Ra4 68. Rh7 Ra5+ 69. Kxh6 Ra4 70. Rg7 Ra8 71. g5+ Kf5 72. g6 Kg4 73. Rb7 1-0


[Site "https://www.chess.com"]

[Event "Titled Tuesday Blitz June 13 Early 2023"]
[White "Martinez Ramirez, Lennis"]
[Black "Henriquez Villagra, Cristobal"]
[WhiteFideId "3509079"]
[BlackFideId "3409350"]
[WhiteElo "2410"]
[BlackElo "2542"]
[Result "0-1"]
[Round "3"]
[TimeControl "180+2"]
[Date "2023.06.13"]
[WhiteClock "0:00:00"]
[BlackClock "0:00:31"]
[Board "17"]

1. c4 d6 2. Nc3 e5 3. g3 Be7 4. d4 exd4 5. Qxd4 Nc6 6. Qd2 Nf6 7. Bg2 O-O 8. b3 Re8 9. Bb2 Bf8 10. Nf3 Bf5 11. O-O Qd7 12. Nd5 Ne4 13. Qf4 h6 14. Nh4 Bh7 15. Bxe4 Rxe4 16. Qxh6 gxh6 17. Nf6+ Kh8 18. Nxd7+ Bg7 19. Nf6 Rxe2 20. Bc3 Rc2 21. Rac1 Rxc3 22. Rxc3 Bxf6 23. Re3 Bxh4 24. gxh4 Kg7 25. Rfe1 Kf8 26. f4 Bf5 27. Kf2 Nd4 28. Rg1 Ne6 29. Kf3 Ke7 30. b4 a5 31. b5 a4 32. a3 Kf6 33. Rc3 Re8 34. Re3 Rd8 35. Rd1 c6 36. bxc6 bxc6 37. Rc3 h5 38. Ke3 d5 39. cxd5 cxd5 40. Rc6 Ke7 41. Rb1 Bxb1 0-1


[Site "https://www.chess.com"]

[Event "Titled Tuesday Blitz June 13 Early 2023"]
[White "Bortnyk, Olexandr"]
[Black "Wagner, Dennis"]
[WhiteFideId "14120828"]
[BlackFideId "24650684"]
[WhiteElo "2733"]
[BlackElo "2478"]
[Result "1/2-1/2"]
[Round "3"]
[TimeControl "180+2"]
[Date "2023.06.13"]
[WhiteClock "0:00:06"]
[BlackClock "0:00:11"]
[Board "18"]

1. e4 c5 2. c3 e6 3. d4 d5 4. exd5 exd5 5. Be3 c4 6. b3 cxb3 7. axb3 Nc6 8. Bd3 Bd6 9. Qf3 Nf6 10. h3 O-O 11. Ne2 Re8 12. Nd2 Ne7 13. g4 Ng6 14. Bg5 h6 15. Bxf6 Qxf6 16. Qxf6 gxf6 17. Kd1 Bd7 18. Nf1 Nf4 19. Nxf4 Bxf4 20. Nd2 a5 21. Kc2 b5 22. Rhe1 Rxe1 23. Rxe1 Kf8 24. Ra1 a4 25. b4 Ke7 26. Nb1 Kd6 27. Na3 Rb8 28. Re1 Rb6 29. Bf5 Be6 30. Kd3 Rb8 31. Rg1 Rb7 32. Ke2 Rb8 33. Rd1 Kc6 34. Kf3 Bd6 35. Re1 Bxf5 36. gxf5 Rg8 37. h4 h5 38. Nc2 Rg4 39. Re8 Rxh4 40. Rc8+ Kd7 41. Rh8 Rh3+ 42. Ke2 Rxc3 43. Kd2 Rc4 44. Kd3 Bxb4 45. Ne3 Rc3+ 46. Ke2 a3 47. Ra8 Rb3 48. Nxd5 Rb2+ 49. Kd3 Bd6 50. Nxf6+ Kc6 51. Ne4 Kb7 52. Ra5 Bc7 53. Rxa3 b4 54. Ra4 Bb6 55. d5 b3 56. Kc3 Rb1 57. Nd2 Rd1 58. Nxb3 Bxf2 59. Rb4+ Kc7 60. Rf4 Bg3 61. Rf3 Be5+ 62. Kc4 Kd6 63. Rh3 Re1 64. Nd2 Rc1+ 65. Kb4 Kxd5 66. Nb3 Rb1 67. Rxh5 f6 68. Rh4 Rb2 69. Ka3 Rb1 70. Rh3 Rf1 71. Nd2 Rxf5 72. Kb3 Ke6 73. Kc2 Rf4 74. Kd3 Rd4+ 75. Ke2 Ra4 76. Rh8 Ra2 77. Kd3 Bf4 78. Nc4 Ra1 79. Re8+ Kf5 80. Rf8 Rd1+ 81. Ke2 Rd4 82. Nb6 Rb4 83. Nd5 Re4+ 84. Kf3 Be5 85. Ne7+ Ke6 86. Kxe4 Kxe7 87. Ra8 Ke6 88. Ra6+ Ke7 89. Kd5 Kf7 90. Rb6 Kg6 91. Ke4 Kf7 92. Kf5 Ke7 93. Rb3 Kd6 94. Rd3+ Kc5 95. Ke4 Kc4 96. Rd1 Kc5 97. Rc1+ Kd6 98. Rc2 Ke6 99. Rc4 Kd6 100. Ra4 Ke6 101. Ra6+ Kf7 102. Kd5 Kg6 103. Ra2 Kf7 104. Rg2 Kf8 105. Ke6 Bd4 106. Rd2 Be5 107. Rd7 Kg8 108. Re7 Kf8 109. Rf7+ Kg8 110. Ra7 Kf8 111. Ra2 Kg8 112. Rg2+ Kf8 113. Rg4 Bc3 114. Rh4 Be5 115. Rh8+ Kg7 116. Rc8 Bd4 117. Rc2 Be5 118. Ke7 Kg6 119. Ke6 Kg5 120. Rg2+ Kf4 121. Rf2+ Ke3 122. Rxf6 Bxf6 1/2-1/2


[Site "https://www.chess.com"]

[Event "Titled Tuesday Blitz June 13 Early 2023"]
[White "Matlakov, Maxim"]
[Black "Di Benedetto, Edoardo"]
[WhiteFideId "4168003"]
[BlackFideId "875740"]
[WhiteElo "2666"]
[BlackElo "2296"]
[Result "1-0"]
[Round "3"]
[TimeControl "180+2"]
[Date "2023.06.13"]
[WhiteClock "0:00:42"]
[BlackClock "0:00:04"]
[Board "19"]

1. e4 e6 2. d3 d5 3. Nd2 Nf6 4. Ngf3 c5 5. Qe2 g6 6. g3 Bg7 7. Bg2 O-O 8. O-O Nc6 9. c3 b6 10. exd5 exd5 11. Nb3 Re8 12. Qc2 Bf5 13. Nh4 Be6 14. Re1 Qd7 15. Bf4 h6 16. Nf3 g5 17. Ne5 Nxe5 18. Bxe5 Bf5 19. Qd1 Rad8 20. d4 c4 21. Nd2 Bg4 22. Bf3 Bxf3 23. Qxf3 Nh7 24. Nf1 Nf8 25. Bxg7 Kxg7 26. Ne3 Ng6 27. Re2 Kh7 28. Nxd5 Nf4 29. gxf4 g4 30. Nf6+ 1-0


[Site "https://www.chess.com"]

[Event "Titled Tuesday Blitz June 13 Early 2023"]
[White "Matinian, Nikita"]
[Black "Bok, Benjamin"]
[WhiteFideId "24129100"]
[BlackFideId "1017063"]
[WhiteElo "2422"]
[BlackElo "2657"]
[Result "1-0"]
[Round "3"]
[TimeControl "180+2"]
[Date "2023.06.13"]
[WhiteClock "0:00:25"]
[BlackClock "0:00:03"]
[Board "20"]

1. e4 c5 2. Nf3 d6 3. d4 cxd4 4. Nxd4 Nf6 5. Nc3 a6 6. h3 e5 7. Nb3 Be7 8. Be3 Be6 9. Qf3 O-O 10. O-O-O b5 11. g4 b4 12. Nd5 Nxd5 13. exd5 Bc8 14. h4 a5 15. g5 Nd7 16. Kb1 a4 17. Nd2 Qc7 18. h5 f5 19. gxf6 Nxf6 20. Rg1 Rf7 21. Bd3 Bb7 22. Ne4 Nxd5 23. Qg4 Nxe3 24. fxe3 a3 25. Bc4 d5 26. Rxd5 Qxc4 27. Nf6+ Bxf6 28. Qxc4 Bxd5 29. Qxd5 Rd8 30. Qc4 axb2 31. h6 e4 32. hxg7 Bc3 33. a4 Re8 34. a5 Bxg7 35. a6 Rd8 36. Rf1 Rf8 37. a7 Be5 38. Rxf7 Rxf7 39. a8=Q+ Kg7 40. Qxf7+ Kxf7 41. Qxe4 Bc3 42. Qxh7+ Ke6 43. Qd3 Ke5 44. e4 Ke6 45. Qd5+ Kf6 46. Qf5+ Ke7 47. e5 Ke8 48. e6 1-0


[Site "https://www.chess.com"]

[Event "Titled Tuesday Blitz June 13 Early 2023"]
[White "Sjugirov, Sanan"]
[Black "Rakotomaharo, Fy Antenaina"]
[WhiteFideId "4189302"]
[BlackFideId "13100050"]
[WhiteElo "2569"]
[BlackElo "2427"]
[Result "0-1"]
[Round "3"]
[TimeControl "180+2"]
[Date "2023.06.13"]
[WhiteClock "0:00:04"]
[BlackClock "0:00:59"]
[Board "21"]

1. e4 e5 2. Nf3 Nf6 3. Nxe5 d6 4. Nf3 Nxe4 5. Nc3 Nxc3 6. dxc3 Be7 7. Be3 Nd7 8. Qd2 O-O 9. O-O-O Re8 10. Bd3 Nc5 11. Bxc5 dxc5 12. h4 Bd6 13. Ng5 h6 14. Ne4 Be6 15. Nxd6 Qxd6 16. a3 Rad8 17. Rhe1 Bg4 18. f3 Bc8 19. Qf2 Rxe1 20. Rxe1 b6 21. f4 Bg4 22. g3 c4 23. Be2 Qd2+ 24. Kb1 Re8 25. Bxg4 Rxe1+ 0-1


[Site "https://www.chess.com"]

[Event "Titled Tuesday Blitz June 13 Early 2023"]
[White "Tristan, Leonardo"]
[Black "Kamsky, Gata"]
[WhiteFideId "113816"]
[BlackFideId "2000024"]
[WhiteElo "2461"]
[BlackElo "2660"]
[Result "1/2-1/2"]
[Round "3"]
[TimeControl "180+2"]
[Date "2023.06.13"]
[WhiteClock "0:00:12"]
[BlackClock "0:00:10"]
[Board "22"]

1. d4 Nf6 2. Nf3 d5 3. Bf4 c5 4. e3 Nc6 5. Nbd2 e6 6. c3 cxd4 7. exd4 Nh5 8. Be3 g6 9. Ne5 Bd6 10. Nd3 O-O 11. g3 Ng7 12. Bg2 b6 13. O-O Ba6 14. c4 Nf5 15. Qa4 Na5 16. b3 Rc8 17. Rfc1 Nxe3 18. fxe3 Qg5 19. Nf4 Bxf4 20. gxf4 Qg4 21. b4 Nxc4 22. Qxa6 Nxe3 23. Kf2 Rxc1 24. Rxc1 Nxg2 25. Qe2 Qxe2+ 26. Kxe2 Nxf4+ 27. Ke3 g5 28. Rc7 Ra8 29. Nf3 f6 30. h4 h6 31. hxg5 hxg5 32. Nh2 a5 33. Ng4 axb4 34. Nxf6+ Kf8 35. Rd7 Ra3+ 36. Kf2 Rxa2+ 37. Kf3 Rh2 38. Nh7+ Kg8 39. Nf6+ Kh8 40. Kg4 Rh6 41. Kxg5 Rg6+ 42. Kxf4 Rxf6+ 43. Ke5 Rh6 44. Rb7 Rh4 45. Kxe6 Rxd4 46. Rxb6 Kg7 47. Ke5 Rh4 48. Kxd5 Kf7 49. Kc5 Ke7 50. Rxb4 Rxb4 51. Kxb4 1/2-1/2


[Site "https://www.chess.com"]

[Event "Titled Tuesday Blitz June 13 Early 2023"]
[White "Zhigalko, Sergei"]
[Black "benny_aizenberg"]
[WhiteFideId "13502956"]
[WhiteElo "2626"]
[BlackElo "2707"]
[Result "1-0"]
[Round "3"]
[TimeControl "180+2"]
[Date "2023.06.13"]
[WhiteClock "0:00:09"]
[BlackClock "0:00:00"]
[Board "23"]

1. e4 c5 2. Nf3 e6 3. c3 Nf6 4. e5 Nd5 5. Bc4 d6 6. d4 Nc6 7. O-O cxd4 8. cxd4 Be7 9. Bd2 O-O 10. Nc3 Nxc3 11. Bxc3 dxe5 12. dxe5 a6 13. Qe2 b5 14. Bd3 Bb7 15. Rad1 Qc7 16. Qe4 g6 17. Qf4 Kg7 18. Bd2 Kh8 19. Qh6 Rad8 20. Ng5 Bxg5 21. Bxg5 Qxe5 22. Bxd8 Rxd8 23. Bxg6 Qg7 24. Qxg7+ Kxg7 25. Be4 Rb8 26. Bxc6 Bxc6 27. Rd6 Bd5 28. Rxa6 Rc8 29. b3 Rc2 30. f3 b4 31. h3 Kf6 32. Rf2 Rc1+ 33. Kh2 Ke5 34. Rb6 Kd4 35. Rxb4+ Ke3 36. Rb2 f5 37. Rb5 Rd1 38. a4 e5 39. a5 e4 40. fxe4 fxe4 41. a6 Bc6 42. Rc5 Rd6 43. Ra2 Ba8 44. Rc8 Bd5 45. a7 Kf4 46. Rf8+ Ke5 47. Ra5 Kd4 48. Rxd5+ Rxd5 49. a8=Q e3 50. Qa7+ Kd3 51. Re8 Rd4 52. b4 Rxb4 53. Qxe3+ Kc2 54. Rc8+ Kb1 55. Qc1+ Ka2 56. Rc3 Rb2 57. Rc2 Rxc2 58. Qxc2+ Ka1 59. Qxh7 Ka2 60. Qb7 1-0


[Site "https://www.chess.com"]

[Event "Titled Tuesday Blitz June 13 Early 2023"]
[White "Tari, Aryan"]
[Black "Maatman, Nick"]
[WhiteFideId "1510045"]
[BlackFideId "1040391"]
[WhiteElo "2586"]
[BlackElo "2705"]
[Result "0-1"]
[Round "3"]
[TimeControl "180+2"]
[Date "2023.06.13"]
[WhiteClock "0:00:08"]
[BlackClock "0:00:24"]
[Board "24"]

1. e4 c5 2. Nf3 d6 3. Bb5+ Bd7 4. Bxd7+ Nxd7 5. O-O Ngf6 6. Re1 e6 7. b3 Be7 8. Bb2 O-O 9. c4 a6 10. d4 cxd4 11. Nxd4 Qc7 12. Nc3 Rac8 13. Rc1 Rfd8 14. h3 Qb8 15. Qe2 Ne5 16. Na4 Nc6 17. Nxc6 bxc6 18. e5 dxe5 19. Bxe5 Qb4 20. Rcd1 Rxd1 21. Rxd1 Rd8 22. Rxd8+ Bxd8 23. Bc3 Qa3 24. g3 Be7 25. Kg2 h6 26. c5 Bxc5 27. Bxf6 gxf6 28. Qxa6 Bxf2 29. Qxc6 Qxa2 30. Nc3 Qc2 31. Qf3 Bd4+ 32. Ne2 Be5 33. Qe3 Kg7 34. h4 Qb2 35. Kh3 f5 36. b4 Bf6 37. Nf4 Qxb4 38. Nh5+ Kg6 39. Nxf6 Kxf6 40. Qxh6+ Ke7 41. Qg5+ Ke8 42. h5 Qe1 43. Qg8+ Ke7 44. Qg5+ Kf8 45. Qh6+ Kg8 46. Qg5+ Kh7 47. Kh2 Qe2+ 48. Kg1 Qg4 49. Qe3 Qxh5 50. Kg2 Qg4 51. Kf2 Kg6 52. Qa7 Qe4 53. Qb8 Qd5 54. Qg8+ Kf6 55. Qh8+ Ke7 56. Qh4+ Kd7 57. Qf6 Ke8 58. Qh8+ Ke7 59. Qh4+ Kd7 60. Qf6 Qd2+ 61. Kg1 Qe1+ 62. Kg2 Qe2+ 63. Kg1 Qh5 64. Qd4+ Ke7 65. Qc5+ Kf6 66. Qd4+ Kg6 67. Qd8 Qg4 68. Qg8+ Kf6 69. Qd8+ Kg7 70. Kf2 Qg6 71. Qd4+ Qf6 72. Qd6 e5 73. Qd7 f4 74. Qg4+ Qg6 75. Qe2 Qxg3+ 76. Kf1 f3 77. Qb2 Qg2+ 78. Qxg2+ fxg2+ 79. Kxg2 Kf6 80. Kf3 Ke6 81. Ke3 f5 82. Kf3 f4 83. Ke4 Kf6 84. Kf3 Kf5 85. Kf2 e4 86. Ke2 Ke5 87. Kf2 e3+ 88. Ke2 Kf5 89. Ke1 Ke4 90. Ke2 f3+ 91. Kf1 Kf4 92. Kg1 Kg3 93. Kh1 e2 0-1


[Site "https://www.chess.com"]

[Event "Titled Tuesday Blitz June 13 Early 2023"]
[White "Maevsky, Nikolay"]
[Black "Kezin, Roman"]
[WhiteFideId "4198220"]
[BlackFideId "24124621"]
[WhiteElo "2021"]
[BlackElo "2504"]
[Result "1-0"]
[Round "3"]
[TimeControl "180+2"]
[Date "2023.06.13"]
[WhiteClock "0:00:07"]
[BlackClock "0:00:09"]
[Board "25"]

1. d4 g6 2. c4 Bg7 3. Nc3 d6 4. e4 Nc6 5. Be3 e5 6. Nge2 Nf6 7. f3 O-O 8. Qd2 a6 9. d5 Na7 10. g4 b5 11. Ng3 bxc4 12. Bxc4 c6 13. dxc6 Nxc6 14. O-O Rb8 15. Rad1 Nd4 16. Nge2 Ne6 17. b3 Ne8 18. Nd5 Bb7 19. Ba7 Rc8 20. Bb6 Qd7 21. Bf2 Rb8 22. Nb6 Qd8 23. Nd5 Kh8 24. Kh1 Rc8 25. Rg1 Ng5 26. Bh4 Nxf3 27. Bxd8 Nxd2 28. Be7 Nxe4 29. Bxf8 Bxf8 30. Rgf1 N8f6 31. h3 Bh6 32. Kh2 Bg5 33. Nxf6 Nxf6 34. Rxd6 Kg7 35. Rb6 Be4 36. Rxa6 Rd8 37. Ra7 Bd5 38. Bxd5 Rxd5 39. Rf2 Rd2 40. Rg2 Ne4 41. Ra4 Nf6 42. Rc4 h6 43. a4 Rb2 44. Rb4 Bd2 45. Rb5 e4 46. Kg3 e3 47. Kf3 Be1 48. h4 Bd2 49. g5 hxg5 50. hxg5 Nh7 51. a5 Ra2 52. b4 Ra4 53. Rg4 Nf8 54. Rb6 Ne6 55. Nf4 Nd4+ 56. Ke4 e2 57. Nxe2 Nxe2 58. Kd3 Bxb4 59. Kxe2 Ra2+ 60. Kd3 Bxa5 61. Ra6 Rd2+ 62. Ke3 Bc3 63. Rc4 Rc2 64. Kd3 Rg2 65. Kxc3 Rxg5 66. Ra7 Rf5 67. Kb4 g5 68. Kc3 Kg6 69. Kd3 f6 70. Re4 Rf3+ 71. Ke2 Rf5 72. Ke3 Rf1 73. Ke2 Rf5 74. Ree7 Rb5 75. Rg7+ Kf5 76. Ra3 Rb2+ 77. Ke3 Rb5 78. Rd7 Ke6 79. Rd4 Kf5 80. Rad3 Kg6 81. Kf3 Rb1 82. Rd8 Rf1+ 83. Kg2 Re1 84. Rf3 Re6 85. Rd7 Re5 86. Rd6 Re2+ 87. Kg3 Kh5 88. Rf2 Re3+ 89. Kg2 f5 90. Rxf5 Kg4 91. Rf2 Rg3+ 92. Kf1 Ra3 93. Re6 Kh5 94. Ree2 Kg4 95. Kg2 Rg3+ 96. Kf1 Ra3 97. Rg2+ Kh5 98. Kf2 Ra4 99. Rg3 Rf4+ 100. Kg2 Ra4 101. Rf2 Kg6 102. Rff3 Ra2+ 103. Rf2 Ra4 104. Rgf3 Rg4+ 105. Kh3 Ra4 106. Rf6+ Kh5 107. Rf8 Rh4+ 108. Kg2 Rg4+ 109. Kh2 Ra4 110. Rg2 Ra5 111. Rg8 Rb5 112. Kg3 Rb3+ 113. Kh2 Rb5 114. Rg3 Kh4 115. Rh8# 1-0


[Site "https://www.chess.com"]

[Event "Titled Tuesday Blitz June 13 Early 2023"]
[White "Swiercz, Dariusz"]
[Black "Jaracz, Pawel"]
[WhiteFideId "1126881"]
[BlackFideId "1102222"]
[WhiteElo "2620"]
[BlackElo "2454"]
[Result "1-0"]
[Round "3"]
[TimeControl "180+2"]
[Date "2023.06.13"]
[WhiteClock "0:01:16"]
[BlackClock "0:01:15"]
[Board "26"]

1. e4 d6 2. Nf3 Nf6 3. Nc3 e5 4. d4 Nbd7 5. Bc4 Be7 6. a4 O-O 7. O-O a6 8. a5 exd4 9. Qxd4 Nc5 10. h3 Be6 11. Re1 c6 12. Bf4 Bxc4 13. Qxc4 Ne6 14. Bg3 b5 15. axb6 Qxb6 16. b3 Rfc8 17. Rad1 d5 18. exd5 cxd5 19. Nxd5 Nxd5 20. Qxd5 a5 21. Ne5 a4 22. Nxf7 Kxf7 23. Qf5+ Bf6 24. Rd7+ Kg8 25. Rxe6 Rc6 26. Qd5 1-0


[Site "https://www.chess.com"]

[Event "Titled Tuesday Blitz June 13 Early 2023"]
[White "Kucuksari, Kaan"]
[Black "Bharath Subramaniyam H"]
[WhiteFideId "6380166"]
[BlackFideId "46634827"]
[WhiteElo "2364"]
[BlackElo "2400"]
[Result "0-1"]
[Round "3"]
[TimeControl "180+2"]
[Date "2023.06.13"]
[WhiteClock "0:00:01"]
[BlackClock "0:00:47"]
[Board "27"]

1. d4 Nf6 2. c4 d6 3. Nf3 g6 4. g3 Bg7 5. Bg2 O-O 6. O-O Nc6 7. Nc3 Bf5 8. d5 Na5 9. Nd2 c5 10. e4 Bd7 11. Qc2 a6 12. b3 b5 13. Bb2 bxc4 14. bxc4 Rb8 15. Rab1 Ng4 16. h3 Ne5 17. Nd1 Rb4 18. a3 Ba4 19. Qc3 Bxd1 20. Rfxd1 Rxb2 21. Rxb2 Nexc4 22. Qxc4 Nxc4 23. Nxc4 Bxb2 24. Nxb2 Qa5 25. Nc4 Qc3 26. Bf1 Rb8 27. e5 dxe5 28. d6 exd6 29. Nxd6 Qf3 30. Re1 Rb2 31. Ne4 Qxa3 32. Kh2 Qb4 33. Re3 a5 34. Bg2 a4 35. Nf6+ Kg7 36. Nd5 Qd4 37. Re4 Qxf2 38. Ne3 a3 0-1


[Site "https://www.chess.com"]

[Event "Titled Tuesday Blitz June 13 Early 2023"]
[White "Babazada, Khazar"]
[Black "Timerkhanov, Alexander"]
[WhiteFideId "13413554"]
[BlackFideId "24177938"]
[WhiteElo "2369"]
[BlackElo "2278"]
[Result "1-0"]
[Round "3"]
[TimeControl "180+2"]
[Date "2023.06.13"]
[WhiteClock "0:00:20"]
[BlackClock "0:00:05"]
[Board "28"]

1. Nf3 d5 2. g3 Bg4 3. Bg2 Nd7 4. d4 e6 5. O-O Ngf6 6. Nbd2 Be7 7. Re1 O-O 8. e4 dxe4 9. Nxe4 Nxe4 10. Rxe4 Nf6 11. Re1 c5 12. Be3 Nd5 13. dxc5 Nxe3 14. Rxe3 Bxc5 15. Rb3 Bb6 16. h3 Bf5 17. c3 Qc7 18. Qe2 Rad8 19. Ne5 f6 20. Nc4 e5 21. Nxb6 axb6 22. Qe3 Rd6 23. a4 Ra8 24. a5 Be6 25. Rb4 Qd8 26. Ra3 Rxa5 27. Rxa5 bxa5 28. Rxb7 Bd5 29. Bxd5+ Rxd5 30. Qa7 Rd1+ 31. Kh2 Qf8 32. c4 h5 33. h4 Kh8 34. Rf7 Qg8 35. c5 Rc1 36. Qe7 Kh7 37. Qxf6 Rxc5 38. Qf5+ Kh6 39. Qg5+ Kh7 40. Qxh5# 1-0


[Site "https://www.chess.com"]

[Event "Titled Tuesday Blitz June 13 Early 2023"]
[White "Souleidis, Georgios"]
[Black "Elsa167"]
[WhiteFideId "4206827"]
[WhiteElo "2401"]
[BlackElo "2904"]
[Result "0-1"]
[Round "3"]
[TimeControl "180+2"]
[Date "2023.06.13"]
[WhiteClock "0:00:05"]
[BlackClock "0:00:43"]
[Board "29"]

1. e4 e6 2. d4 d5 3. Nc3 Bb4 4. Ne2 dxe4 5. a3 Bxc3+ 6. Nxc3 Nc6 7. d5 exd5 8. Qxd5 Nge7 9. Qxe4 Bf5 10. Qa4 O-O 11. Be3 Nd5 12. Nxd5 Qxd5 13. Rd1 Qe6 14. Be2 Qg6 15. Qf4 Bxc2 16. Rd2 Qxg2 17. Bf3 Qg6 18. Qxc7 Be4 19. Qf4 Bxf3 20. Qxf3 Rad8 21. Qd1 Rxd2 22. Qxd2 Rd8 23. Qc1 Ne5 24. Kf1 Qd3+ 25. Kg2 Qe4+ 26. Kg1 Nf3+ 27. Kf1 Nd2+ 28. Ke2 Qf3+ 0-1


[Site "https://www.chess.com"]

[Event "Titled Tuesday Blitz June 13 Early 2023"]
[White "Radzhabov, Rodion"]
[Black "Terry, Renato"]
[WhiteFideId "884715"]
[BlackFideId "3803457"]
[WhiteElo "2174"]
[BlackElo "2575"]
[Result "0-1"]
[Round "3"]
[TimeControl "180+2"]
[Date "2023.06.13"]
[WhiteClock "0:00:00"]
[BlackClock "0:01:34"]
[Board "30"]

1. e4 e6 2. Nc3 d5 3. Qe2 d4 4. Nd1 e5 5. g3 h5 6. f4 h4 7. Qg2 Nc6 8. Nf3 Nf6 9. fxe5 Nxe4 10. Nxh4 Nc5 11. Bb5 Rxh4 12. gxh4 Qxh4+ 13. Nf2 Bd7 14. d3 a6 15. Bc4 Nxe5 16. Bd5 c6 17. Bf3 O-O-O 18. O-O Bd6 19. Be4 Rh8 20. Bg5 Qh5 21. h3 f5 22. Bf3 Nxf3+ 23. Kh1 Nxg5 0-1


[Site "https://www.chess.com"]

[Event "Titled Tuesday Blitz June 13 Early 2023"]
[White "Ahmadzada, Ahmad"]
[Black "Alex_Sahakyan2006"]
[WhiteFideId "13413007"]
[WhiteElo "2388"]
[BlackElo "2674"]
[Result "1-0"]
[Round "3"]
[TimeControl "180+2"]
[Date "2023.06.13"]
[WhiteClock "0:00:30"]
[BlackClock "0:00:00"]
[Board "31"]

1. Nf3 g6 2. e4 Bg7 3. d4 d6 4. Nc3 a6 5. a4 Nc6 6. h3 Nf6 7. Be3 O-O 8. Be2 Nb4 9. O-O a5 10. Nd2 e5 11. dxe5 dxe5 12. Bc4 Qe7 13. Nb3 Rd8 14. Qe2 b6 15. Bg5 Be6 16. Bxe6 Qxe6 17. Nb5 Qc6 18. Bxf6 Bxf6 19. c3 Nd3 20. Rfd1 Nf4 21. Qc2 Bg5 22. Kh2 h5 23. g3 Ne6 24. h4 Bh6 25. Qe2 Kg7 26. Kg1 Kf8 27. c4 Nc5 28. Nxc5 Qxc5 29. Rd5 Qe7 30. c5 c6 31. Rxd8+ Rxd8 32. Nd6 bxc5 33. Nc4 Rd4 34. Nxa5 Qe6 35. b3 Rd2 36. Qf3 Rb2 37. Nc4 Rc2 38. a5 1-0


[Site "https://www.chess.com"]

[Event "Titled Tuesday Blitz June 13 Early 2023"]
[White "Nazari, Arad"]
[Black "Galchenko, Matvey"]
[WhiteFideId "12577324"]
[BlackFideId "24175480"]
[WhiteElo "2175"]
[BlackElo "2423"]
[Result "0-1"]
[Round "3"]
[TimeControl "180+2"]
[Date "2023.06.13"]
[WhiteClock "0:00:00"]
[BlackClock "0:00:06"]
[Board "32"]

1. e4 e6 2. d4 d5 3. e5 c5 4. c3 Qb6 5. Nf3 Bd7 6. Be2 Bb5 7. Bxb5+ Qxb5 8. Na3 Qa6 9. dxc5 Bxc5 10. b4 Be7 11. Nd4 Nd7 12. Nab5 Rc8 13. f4 Nh6 14. a4 O-O 15. O-O f6 16. f5 fxe5 17. Nxe6 Rxf5 18. Rxf5 Qxe6 19. Rf1 a6 20. Bxh6 axb5 21. Bd2 bxa4 22. Rxa4 e4 23. Qe2 Bf6 24. Ra3 Ne5 25. Rfa1 Qe8 26. h3 Nc4 27. Rb3 Qc6 28. Be1 Qe6 29. Rd1 h6 30. Kh1 b5 31. Rbb1 Ra8 32. Ra1 Re8 33. Ra7 Be5 34. Rb7 Qc6 35. Ra7 Rf8 36. Qg4 Ne3 37. Qe2 Rf1+ 38. Qxf1 Nxf1 39. Bf2 Ng3+ 40. Bxg3 Bxg3 0-1


[Site "https://www.chess.com"]